 Dungeon Crawl Stone Soup version 0.22.0-38-g04b72b8 (webtiles) character file.

72 leisz the Poker (level 4, -5/33 HPs)
             Began as a Merfolk Skald on Aug 30, 2018.
             Killed from afar by an orc wizard (8 damage)
             ... with a puff of flame
             ... on level 2 of the Dungeon.
             The game lasted 00:04:43 (1953 turns).

leisz the Poker (Merfolk Skald)                     Turns: 1953, Time: 00:04:43

Health: -5/33      AC:  5    Str: 11    XL:     4   Next: 25%
Magic:  7/7        EV: 16    Int: 13    God:
Gold:   111        SH:  0    Dex: 13    Spells: 6/7 levels left

rFire    . . .     SeeInvis .   a - +0 spear
rCold    . . .     Gourm    .   (no shield)
rNeg     . . .     Faith    .   g - +0 ring mail
rPois    .         Spirit   .   (no helmet)
rElec    .         Reflect  .   (no cloak)
rCorr    +         Harm     .   (no gloves)
MR       .....                  (no boots)
Stlth    +.........             k - amulet of regeneration
HPRegen  0.51/turn              j - ring of resist corrosion
MPRegen  0.10/turn              m - +5 ring of evasion

@: no status effects
A: change form in water, swift swim, stealthy swim
a: no special abilities


You were on level 2 of the Dungeon.
You were hungry.

You visited 1 branch of the dungeon, and saw 3 of its levels.

You collected 111 gold pieces.

Inventory:

Hand Weapons
 a - a +0 spear (weapon)
Missiles
 e - 80 stones (quivered)
 h - 8 tomahawks
Armour
 g - a +0 ring mail (worn)
Jewellery
 j - a ring of resist corrosion (left hand)
 k - an amulet of regeneration (around neck)
 m - a +5 ring of evasion (right hand)
Scrolls
 b - a scroll of enchant armour {unknown}
 c - 5 scrolls of identify {unknown}
 f - a scroll of amnesia {unknown}
 p - 2 scrolls of teleportation {unknown}
 r - a scroll of remove curse {unknown}
 s - a scroll of magic mapping {unknown}
Potions
 i - a potion of invisibility {unknown}
 l - 2 potions of curing {unknown}
 n - a potion of cancellation {unknown}
 o - a potion of resistance {unknown}
Comestibles
 d - 3 rations
 q - 2 chunks of flesh


   Skills:
 - Level 2.1 Fighting
 + Level 5.0 Polearms
 - Level 0.6 Armour
 - Level 2.6 Dodging
 - Level 2.0 Spellcasting
 + Level 4.5 Charms


You had 6 spell levels left.
You knew the following spells:

 Your Spells              Type           Power        Failure   Level  Hunger
a - Infusion              Chrm           ##..         10%         1    ##.....

Your spell library contained the following spells:

 Spells                   Type           Power        Failure   Level  Hunger
 Song of Slaying          Chrm           ##......     14%         2    ###....
 Shroud of Golubria       Chrm/Tloc      #.........   36%         2    ###....
 Regeneration             Chrm/Necr      #.........   58%         3    ####...
 Spectral Weapon          Hex/Chrm       #.......     58%         3    ####...


Dungeon Overview and Level Annotations

Branches:
Dungeon (3/15)

Altars:

Annotations:
D:3 Sigmund


Message History

You are confused.
You bump into the rock wall.
You hear some strange, mumbled words.
A puff of flame appears from out of thin air!
The puff of flame hits you!
You bump into the rock wall.
Something barely misses you.
You bump into the rock wall.
Something hits you.
You're too confused to move!
You hear some strange, mumbled words.
A magic dart appears from out of thin air!
The magic dart hits you!
* * * LOW HITPOINT WARNING * * *
You bump into the rock wall.
You feel less confused. Something hits you but does no damage.
You miss something.
You hear some strange, mumbled words.
A puff of flame appears from out of thin air!
The puff of flame hits you!
You die...

........####
........#..#
........#..#
#.#####.#..###
....# #......#
..#.# #......#
..#.# #......#
..#.#####.########
................@#
..#...(...#.###{##
#.##....###.###.#
#.##..........#.#
#+##............#
..............#.#
..............#.#
.......)......#.#
........)######.#


There were no monsters in sight!

Vanquished Creatures
  An adder (D:3)
  4 dart slugs
  6 leopard geckos
  3 orcs
  3 ball pythons (D:1)
  A giant cockroach (D:2)
  4 goblins
  3 hobgoblins
  A quokka (D:2)
  4 bats
  5 frilled lizards
  7 kobolds
  3 rats
45 creatures vanquished.

Notes
Turn   | Place    | Note
-------+----------+-------------------------------------------
     0 | D:1      | leisz the Merfolk Skald began the quest for the Orb.
     0 | D:1      | Reached XP level 1. HP: 16/16 MP: 3/3
   322 | D:1      | Reached XP level 2. HP: 16/22 MP: 0/5
   789 | D:1      | Reached skill level 4 in Polearms
   794 | D:1      | Reached XP level 3. HP: 27/27 MP: 6/6
  1795 | D:3      | Noticed Sigmund
  1803 | D:3      | Reached XP level 4. HP: 30/33 MP: 4/7
  1898 | D:2      | Reached skill level 5 in Polearms
  1953 | D:2      | Killed from afar by an orc wizard

Skill      XL: |  1  2  3  4 |
---------------+-------------+-----
Polearms       | 4 5 |  5.0
Charms         | 4 |  4.5
Fighting       | |  2.1
Armour         | |  0.6
Dodging        | |  2.6
Spellcasting   | |  2.0

Action                   |  1- 3 |  4- 6 || total
-------------------------+-------+-------++-------
Melee: Spear             |   175 |    36 ||   211
 Cast: Infusion          |     3 |       ||     3
  Eat: Chunk             |     3 |       ||     3
Armor: Leather armour    |    11 |       ||    11
       Ring mail         |    15 |    10 ||    25
Dodge: Dodged            |    88 |    32 ||   120
